 Dungeon Crawl Stone Soup version 0.24.0-1-gfbc8707122 (webtiles) character file.

Game seed: 16418038102110784173, levelgen mode: classic

4 EnegeticOcto the Gusty (level 1, 0/13 HPs)
             Began as an Octopode Air Elementalist on Oct 27, 2019.
             Slain by a jackal (1 damage)
             ... on level 1 of the Dungeon.
             The game lasted 00:00:19 (50 turns).

EnegeticOcto the Gusty (Octopode Air Elementalist)    Turns: 50, Time: 00:00:19

Health: 0/13       AC:  1    Str:  7    XL:     1   Next: 70%
Magic:  1/3        EV: 13    Int: 17    God:
Gold:   0          SH:  0    Dex: 12    Spells: 3/4 levels left

rFire    . . .     SeeInvis .   (no weapon)
rCold    . . .     Gourm    .   (no shield)
rNeg     . . .     Faith    .   (helmet restricted)
rPois    .         Spirit   .   (no amulet)
rElec    .         Reflect  .   (no ring)
rCorr    .         Harm     .   (no ring)
MR       .....                  (no ring)
Stlth    +++.......             (no ring)
HPRegen  0.04/turn              (no ring)
MPRegen  0.08/turn              (no ring)
                                (no ring)
                                (no ring)

@: very slightly contaminated
A: almost no armour, stealthy swim, amphibious, 8 rings, constrict 8, camouflage
1, gelatinous body 1
a: no special abilities


You were on level 1 of the Dungeon.
You were not hungry.

You visited 1 branch of the dungeon, and saw 1 of its levels.

Inventory:

Comestibles
 e - a ration


   Skills:
 + Level 1.2 Fighting
 - Level 2.0 Dodging
 - Level 2.6 Stealth
 - Level 2.0 Spellcasting
 - Level 1.0 Conjurations
 - Level 3.0 Air Magic


You had 3 spell levels left.
You knew the following spells:

 Your Spells              Type           Power        Failure   Level  Hunger
a - Shock                 Conj/Air       #...         9%          1    #......

Your spell library contained the following spells:

 Spells                   Type           Power        Failure   Level  Hunger
 Swiftness                Chrm/Air       #.......     16%         2    ###....
 Static Discharge         Conj/Air       #.......     26%         3    ###....
 Airstrike                Air            ##........   50%         4    #####..
 Lightning Bolt           Conj/Air       #.........   93%         5    ######.


Dungeon Overview and Level Annotations

Branches:
Dungeon (1/15)

Altars:


Innate Abilities, Weirdness & Mutations

You cannot wear most types of armour.
You are very stealthy in the water. (Stealth+)
You are amphibious.
You can wear up to eight rings at the same time.
You can use your tentacles to constrict eight enemies at once.
Your skin changes colour to match your surroundings (Stealth+).
Your rubbery body absorbs attacks. (AC +1, EV +1)


Message History

You can't see any susceptible monsters within range! (Use Z to cast anyway.) Magic restored.
A rat comes into view.
A rat is nearby!
A rat is nearby!
A rat is nearby!
Casting: Shock (safe; 9% risk of failure)
Confirm with . or Enter, or press ? or * to list all spells.
Aiming: Shock (safe; 9% risk of failure)
Press: ? - help, Shift-Dir - straight line, f - rat
Aim: a rat The zap hits the rat.
You kill the rat!
Casting: Shock (safe; 9% risk of failure)
Confirm with . or Enter, or press ? or * to list all spells.
You can't see any susceptible monsters within range! (Use Z to cast anyway.)
A kobold comes into view. It is wielding a +0 short sword.
Found a runed glass ring.
A kobold is nearby!
A kobold is nearby!
Casting: Shock (safe; 9% risk of failure)
Confirm with . or Enter, or press ? or * to list all spells.
Aiming: Shock (safe; 9% risk of failure)
Press: ? - help, Shift-Dir - straight line, f - kobold
Aim: a kobold, wielding a +0 short sword (resting)
The zap hits the kobold.
The kobold is moderately wounded.
The kobold shouts!
You hear an angry hiss.
A jackal comes into view.
Casting: Shock (safe; 9% risk of failure)
Confirm with . or Enter, or press ? or * to list all spells.
Aiming: Shock (safe; 9% risk of failure)
Press: ? - help, Shift-Dir - straight line, f/p - kobold
Aim: a kobold, wielding a +0 short sword (moderately wounded)
You miscast Shock.
You are very lightly contaminated with residual magic.
You smell something strange.
The jackal barks!
You hear a bark!
Casting: Shock (safe; 9% risk of failure)
Confirm with . or Enter, or press ? or * to list all spells.
Aiming: Shock (safe; 9% risk of failure)
Press: ? - help, Shift-Dir - straight line, f/p - kobold
Aim: a kobold, wielding a +0 short sword (moderately wounded)
You miscast Shock.
Nothing appears to happen.
A rat comes into view.
Casting: Shock (safe; 9% risk of failure)
Confirm with . or Enter, or press ? or * to list all spells.
You don't have enough magic to cast that spell.
A jackal comes into view.
The jackal bites you.
A giant cockroach comes into view.
The kobold hits you with a +0 short sword.
You tentacle-slap the kobold. You grab the kobold.
The kobold is severely wounded.
You constrict the kobold.
You kill the kobold!
The jackal misses you. The jackal bites you.
A frilled lizard comes into view.
You are too injured to fight recklessly!
You are too injured to fight recklessly!
You are too injured to fight recklessly!
You are too injured to fight recklessly!
You are too injured to fight recklessly!
You are too injured to fight recklessly!
You are too injured to fight recklessly!
You are too injured to fight recklessly!
You tentacle-slap the jackal but do no damage.
Your grab misses the jackal. The jackal closely misses you.
You tentacle-slap the jackal but do no damage.
Your grab misses the jackal. The jackal closely misses you.
The jackal misses you.
You barely miss the jackal. Your grab misses the jackal.
You barely miss the jackal. You grab the jackal. You constrict the jackal.
The jackal struggles to escape constriction.
The jackal escapes!
You barely miss the jackal. You grab the jackal. You squeeze the jackal.
You kill the jackal!
Your Fighting skill increases to level 1!
The jackal barely misses you.
You tentacle-slap the rat. You grab the rat.
The rat is severely wounded.
You constrict the rat.
You kill the rat!
The jackal closely misses you.
The giant cockroach waves its antennae.
The giant cockroach bites you. The jackal bites you.
* * * LOW HITPOINT WARNING * * *
You tentacle-slap the giant cockroach. Your grab misses the giant cockroach.
The giant cockroach is heavily wounded.
The jackal barely misses you. The giant cockroach bites you.
* * * LOW HITPOINT WARNING * * *
You barely miss the giant cockroach. Your grab misses the giant cockroach.
The giant cockroach is heavily wounded.
The jackal barely misses you.
The giant cockroach bites you but does no damage.
You tentacle-slap the giant cockroach. Your grab misses the giant cockroach.
The giant cockroach is severely wounded.
The jackal bites you.
You die...

...... .......
.....?. .....=.
....... .......
..... ....... ###.
...# ....... .. ...
#.###.......
..###.###.h#........
....§§....@sl..?....
≈≈≈.§≈≈≈§.≈≈≈.......
..≈.§§§§≈.§.§.......
≈.≈≈≈.≈§≈.§≈≈...####
≈.....§§....≈...#
≈.§≈§§≈§§§≈.≈.#.#
..≈.≈§§<≈§§.§.....
≈≈≈§§.≈§§§§≈≈.....
....≈§.§§§...)...


You could see a jackal, a giant cockroach and a frilled lizard.

Vanquished Creatures
  A hobgoblin (D:1)
  A jackal (D:1)
  A kobold (D:1)
  2 rats (D:1)
5 creatures vanquished.

Notes
Turn   | Place    | Note
-------+----------+-------------------------------------------
     0 | D:1      | EnegeticOcto the Octopode Air Elementalist began the quest
                  | for the Orb.
     0 | D:1      | Reached XP level 1. HP: 11/11 MP: 3/3
    46 | D:1      | Reached skill level 1 in Fighting
    50 | D:1      | Slain by a jackal

Levels and vault maps discovered:
D:1:      evilmike_arrival_hilbert_curve, layout_rooms, minmay_small_reverse_x

Skill      XL: |  1 |
---------------+----+-----
Fighting       | 1 |  1.2
Dodging        | |  2.0
Stealth        | |  2.6
Spellcasting   | |  2.0
Conjurations   | |  1.0
Air Magic      | |  3.0

Action                   || total
-------------------------++-------
Melee: Unarmed           ||    10
       Constrict         ||     4
       Tentacles         ||     1
 Cast: Shock             ||     3
Armor: Skin              ||     1
Dodge: Dodged            ||     8
